 Dungeon Crawl Stone Soup version 0.31.0-11-ge490571c62 (webtiles) character file.

Game seed: 16067284914508372965

193 bearlyready the Grave Robber (level 5, -6/38 HPs)
             Began as a Gnoll Necromancer on Feb 8, 2024.
             Mangled by an ogre
             ... wielding a +0 giant club
              (32 damage)
             ... on level 4 of the Dungeon.
             The game lasted 00:04:54 (2795 turns).

bearlyready the Grave Robber (Gnoll Necromancer)    Turns: 2795, Time: 00:04:55

Health: -6/38      AC:  2    Str:  7    XL:     5   Next: 72%
Magic:  8/12       EV: 14    Int: 14    God:
Gold:   75         SH:  0    Dex: 15    Spells: 6/14 levels left

rFire   . . .        f - staff of death
rCold   . . .        (no shield)
rNeg    + . .        a - +0 robe
rPois   .            (no helmet)
rElec   .            (no cloak)
rCorr   .            (no gloves)
SInv    .            (no boots)
Will    .....        (no amulet)
Stlth   +++          (no ring)
HPRegen 0.26/turn    (no ring)
MPRegen 0.13/turn

%: no passive effects
@: no status effects
A: fangs 1, strong nose, distributed training
a: no special abilities


You were on level 4 of the Dungeon.
You visited 1 branch of the dungeon, and saw 4 of its levels.

You collected 75 gold pieces.

Inventory:

Hand Weapons
 c - a +0 dagger
Missiles
 g - 3 datura-tipped darts
 k - 35 stones
 r - 5 darts of dispersal
Armour
 a - a +0 robe (worn)
 i - a +0 robe
 m - a +0 kite shield of cold resistance
Magical Staves
 f - a staff of death (weapon)
Scrolls
 d - 2 scrolls of revelation {unknown}
 e - a scroll of vulnerability {unknown}
 h - a scroll of silence
 j - a scroll of brand weapon {unknown}
 l - 3 scrolls of identify {unknown}
 n - 2 scrolls of noise
 o - a scroll of fear {unknown}
 p - a scroll of fog {unknown}
 s - a scroll of torment {unknown}
Potions
 b - a potion of magic
 q - a potion of invisibility {unknown}
 t - a potion of brilliance {unknown}


   Skills:
 + Level 1.7 Fighting
 + Level 1.7 Short Blades
 + Level 1.7 Long Blades
 + Level 1.7 Axes
 + Level 1.7 Maces & Flails
 + Level 1.7 Polearms
 + Level 1.7 Staves
 + Level 1.7 Ranged Weapons
 + Level 1.7 Throwing
 + Level 1.7 Armour
 + Level 4.9 Dodging
 + Level 4.5 Stealth
 + Level 1.7 Shields
 + Level 1.7 Unarmed Combat
 + Level 5.2 Spellcasting
 + Level 1.3 Conjurations
 + Level 1.3 Hexes
 + Level 1.3 Summonings
 + Level 7.2 Necromancy
 + Level 1.3 Translocations
 + Level 1.3 Fire Magic
 + Level 1.3 Ice Magic
 + Level 1.3 Air Magic
 + Level 1.3 Earth Magic
 + Level 1.3 Alchemy
 + Level 1.9 Invocations
 + Level 1.7 Evocations
 + Level 1.5 Shapeshifting


You had 6 spell levels left.
You knew the following spells:

 Your Spells              Type           Power      Damage    Failure   Level
a - Necrotise             Necr           100%       1d9       1%          1
b - Vampiric Draining     Necr           36%        2d8       2%          3
c - Animate Dead          Necr           36%        N/A       9%          4

Your spell library contained the following spells:

 Spells                   Type           Power      Damage    Failure   Level
 Lesser Beckoning         Tloc           14%        N/A       14%         2
 Curse of Agony           Necr           36%        N/A       24%         5
 Gell's Gravitas          Tloc           7%         N/A       28%         3
 Teleport Other           Tloc           7%         N/A       28%         3


Dungeon Overview and Level Annotations

Branches:
Dungeon (4/15)
 Temple: D:4-7

Altars:

Annotations:
D:3 Sigmund
D:4 Dowan, Duvessa


Innate Abilities, Weirdness & Mutations

You have very sharp teeth.
Your uncanny sense of smell can sniff out nearby items.
Your experience applies equally to all skills.


Message History

You hit the scorpion.
The scorpion writhes in agony.
You punch the scorpion, but do no damage.
The scorpion is heavily wounded.
The scorpion closely misses you.
The scorpion stings you but does no damage.
You closely miss the scorpion.
The scorpion is heavily wounded.
The scorpion closely misses you. The orc hits you with a +0 flail!
Casting: Vampiric Draining (dangerous; 2% risk of failure)
Confirm with . or Enter, or press ? or * to list all spells.
Aiming: Necrotise (safe; 1% risk of failure)
Press: ? - help, Shift-Dir - straight line, f - scorpion
Aim: a scorpion (heavily wounded, chance to affect: 83%)
You feel a surge of power!
The scorpion writhes in agony.
The scorpion barely misses you. The orc hits you with a +0 flail.
Casting: Necrotise (safe; 1% risk of failure)
Confirm with . or Enter, or press ? or * to list all spells.
Aiming: Necrotise (safe; 1% risk of failure)
Press: ? - help, Shift-Dir - straight line, f/p - scorpion
Aim: a scorpion (severely wounded, chance to affect: 83%)
You feel a surge of power!
The scorpion writhes in agony!
You kill the scorpion!
The orc hits you with a +0 flail.
Casting: Necrotise (safe; 1% risk of failure)
Confirm with . or Enter, or press ? or * to list all spells.
Aiming: Necrotise (safe; 1% risk of failure)
Press: ? - help, Shift-Dir - straight line, f - orc
Aim: an orc, wielding a +0 flail (chance to affect: 93%)
You feel a surge of power!
The orc writhes in agony!
You kill the orc!
The dead are walking!
The ogre misses you.
Casting: Necrotise (safe; 1% risk of failure)
Confirm with . or Enter, or press ? or * to list all spells.
Aiming: Necrotise (safe; 1% risk of failure)
Press: ? - help, Shift-Dir - straight line, f - ogre
Aim: an ogre, wielding a +0 giant club (ally target, chance to affect: 83%)
You feel a surge of power!
The ogre writhes in agony!
The ogre hits you with a +0 giant club!!
Ouch! That really hurt!
You die...

..#
#......#
..#
#......#
..#
#......#
..#
#......#
..#
#......#
..#
#.Z....#
..#
#......#
..#
#..O)..#
..#
#..@...#
..#
#......#
..#
#......#
..#
#......#
###
########


You could see an ogre (ally target) and a friendly orc skeleton.

Vanquished Creatures
  A scorpion (D:4)
  A gnoll (D:2)
  7 adders
  A ribbon worm (D:2)
  2 orcs
  A bat (D:2)
  4 endoplasms
  7 goblins
  3 hobgoblins
  7 jackals
  4 kobolds
  4 quokkas
  3 ball pythons
  3 frilled lizards
  6 rats
54 creatures vanquished.

Vanquished Creatures (collateral kills)
  An endoplasm (D:3)
  A hobgoblin (D:1)
  A jackal (D:1)
3 creatures vanquished.

Grand Total: 57 creatures vanquished

Notes
Turn   | Place    | Note
-------+----------+-------------------------------------------
     0 | D:1      | bearlyready the Gnoll Necromancer began the quest for the
                  | Orb.
     0 | D:1      | Reached XP level 1. HP: 13/13 MP: 6/6
   202 | D:1      | Reached XP level 2. HP: 15/19 MP: 7/7
   709 | D:2      | Reached skill level 5 in Spellcasting
   709 | D:2      | Reached XP level 3. HP: 15/25 MP: 6/9
   932 | D:2      | Reached skill level 1 in Invocations
  1010 | D:2      | Reached skill level 1 in Fighting
  1010 | D:2      | Reached skill level 1 in Short Blades
  1010 | D:2      | Reached skill level 1 in Long Blades
  1010 | D:2      | Reached skill level 1 in Axes
  1010 | D:2      | Reached skill level 1 in Maces & Flails
  1010 | D:2      | Reached skill level 1 in Polearms
  1010 | D:2      | Reached skill level 1 in Staves
  1010 | D:2      | Reached skill level 1 in Ranged Weapons
  1010 | D:2      | Reached skill level 1 in Throwing
  1010 | D:2      | Reached skill level 1 in Armour
  1010 | D:2      | Reached skill level 1 in Shields
  1010 | D:2      | Reached skill level 1 in Unarmed Combat
  1010 | D:2      | Reached skill level 1 in Evocations
  1277 | D:2      | Reached skill level 1 in Shapeshifting
  1277 | D:2      | Reached XP level 4. HP: 31/32 MP: 9/11
  1499 | D:2      | Reached skill level 1 in Conjurations
  1499 | D:2      | Reached skill level 1 in Hexes
  1499 | D:2      | Reached skill level 1 in Summonings
  1499 | D:2      | Reached skill level 1 in Translocations
  1499 | D:2      | Reached skill level 1 in Fire Magic
  1499 | D:2      | Reached skill level 1 in Ice Magic
  1499 | D:2      | Reached skill level 1 in Air Magic
  1499 | D:2      | Reached skill level 1 in Earth Magic
  1499 | D:2      | Reached skill level 1 in Alchemy
  1657 | D:2      | You fall into a shaft and drop 2 floors!
  1683 | D:4      | Noticed a phantom
  1752 | D:4      | Noticed Dowan
  1753 | D:4      | Noticed Duvessa
  1869 | D:3      | Noticed Sigmund
  2322 | D:3      | Learned a level 3 spell: Vampiric Draining
  2327 | D:3      | Learned a level 4 spell: Animate Dead
  2572 | D:4      | Reached XP level 5. HP: 34/37 MP: 12/12
  2763 | D:4      | Noticed an ogre
  2795 | D:4      | Mangled by an ogre

Illustrated notes

Levels and vault maps discovered:
D:1:      dpeg_arrival_ternary, layout_basic, solitary_fountain,
          minmay_pentomino_u2
D:2:      layout_basic, grunt_decor_junction, dreamdust_mushroom_princess,
          cheibrodos_gnoll_hut, uniq_natasha
D:3:      layout_loops_ring, nicolae_overflow_squiral, ebering_ghost_sewer_f,
          uniq_sigmund
D:4:      minmay_angry_zag, layout_gridville, uniq_duvessa

Skill      XL: |  1  2  3  4 |
---------------+-------------+-----
Spellcasting   | 5 |  5.2
Invocations    | 1 |  1.9
Fighting       | 1 |  1.7
Short Blades   | 1 |  1.7
Long Blades    | 1 |  1.7
Axes           | 1 |  1.7
Maces & Flails | 1 |  1.7
Polearms       | 1 |  1.7
Staves         | 1 |  1.7
Ranged Weapons | 1 |  1.7
Throwing       | 1 |  1.7
Armour         | 1 |  1.7
Shields        | 1 |  1.7
Unarmed Combat | 1 |  1.7
Evocations     | 1 |  1.7
Shapeshifting  | 1 |  1.5
Conjurations   | 1 |  1.3
Hexes          | 1 |  1.3
Summonings     | 1 |  1.3
Translocations | 1 |  1.3
Fire Magic     | 1 |  1.3
Ice Magic      | 1 |  1.3
Air Magic      | 1 |  1.3
Earth Magic    | 1 |  1.3
Alchemy        | 1 |  1.3
Dodging        | |  4.9
Stealth        | |  4.5
Necromancy     | |  7.2

Action                     |  1- 3 |  4- 6 || total
---------------------------+-------+-------++-------
  Melee: Dagger            |     8 |       ||     8
         Unarmed           |     8 |       ||     8
         Staff             |    70 |    99 ||   169
         Bite              |     8 |    12 ||    20
         Punch             |       |     4 ||     4
   Cast: Necrotise         |    19 |    22 ||    41
         Vampiric Draining |       |     1 ||     1
    Use: Scroll            |       |     2 ||     2
         Potion            |       |     1 ||     1
   Stab: Sleeping          |     4 |     8 ||    12
 Armour: Robe              |    63 |    68 ||   131
  Dodge: Dodged            |    73 |    78 ||   151
